 Dungeon Crawl Stone Soup version 0.26.1-2-gb8aa6d0cf2 (webtiles) character file.

Game seed: 6581388392998275829

30700 dohliylev the Cleaver (level 13, -6/82 HPs)
             Began as a Gargoyle Berserker on Mar 28, 2021.
             Was a High Priest of Trog.
             Mangled by an orc warrior
             ... wielding a cursed -2 scimitar
              (14 damage)
             ... on level 2 of the Orcish Mines.
             The game lasted 00:35:17 (13075 turns).

dohliylev the Cleaver (Gargoyle Berserker)         Turns: 13075, Time: 00:35:18

Health: -6/82      AC: 16    Str: 25    XL:     13   Next: 53%
Magic:  13/13      EV:  8    Int: 15    God:    Trog [*****.]
Gold:   507        SH: 18    Dex:  9    Spells: 12/12 levels left

rFire    . . .     SeeInvis .   K - +0 war axe (vorpal)
rCold    . . .     Faith    .   u - +0 kite shield
rNeg     + + .     Spirit   .   L - +2 plate armour {Will+}
rPois    ∞         Reflect  +   h - +0 helmet
rElec    +         Harm     .   J - -2 cloak
rCorr    .         Rampage  .   l - +0 pair of gloves
Will     +....                  (no boots)
Stlth    ..........             g - amulet of reflection
HPRegen  0.23/turn              v - ring of positive energy
MPRegen  0.13/turn              y - +6 ring of intelligence

@: about to teleport, corroded, berserk cooldown, slowed, very slow
A: negative energy resistance 1, electricity resistance, unbreathing,
petrification resistance, miasma immunity, AC +9
a: Renounce Religion, Berserk, Trog's Hand, Brothers in Arms


You were on level 2 of the Orcish Mines.
You worshipped Trog.
Trog was extremely pleased with you.
You visited 2 branches of the dungeon, and saw 15 of its levels.

You collected 1287 gold pieces.
You spent 780 gold pieces at shops.

Inventory:

Hand Weapons
 C - the +6 mace "Hellblazer" {flame, *Corrode rPois rC+}
   (You took it off an orc on level 12 of the Dungeon)

   It has been specially enchanted to burn those struck by it, causing extra
   injury to most foes and up to half again as much damage against particularly
   susceptible opponents.
   It protects you from cold.
   It protects you from poison.
   It may corrode you when you take damage.
 G - the +1 hand axe of the Hand {speed, rF+ Int+2 Dex+4 SInv}
   (You found it on level 12 of the Dungeon)

   Attacks with this weapon are significantly faster.
   It affects your intelligence (+2).
   It affects your dexterity (+4).
   It protects you from fire.
   It lets you see invisible.
 K - a +0 vorpal war axe (weapon)
Armour
 h - a +0 helmet (worn)
 l - a +0 pair of gloves (worn)
 p - a +2 leather armour of cold resistance
 q - a +1 scale mail of fire resistance
 u - a +0 kite shield (worn)
 J - a -2 cloak (worn)
 L - a +2 plate armour of willpower (worn)
Jewellery
 g - an amulet of reflection (around neck)
 v - a ring of positive energy (left hand)
 y - a +6 ring of intelligence (right hand)
Wands
 F - a wand of random effects (19)
Scrolls
 a - 5 scrolls of enchant weapon
 b - 2 scrolls of fear
 c - 3 scrolls of remove curse
 d - 6 scrolls of teleportation
 m - 2 scrolls of magic mapping
 o - 2 scrolls of enchant armour
 H - a scroll of fog
Potions
 f - 2 potions of degeneration {unknown}
 i - 4 potions of lignification {unknown}
 j - 5 potions of haste {unknown}
 k - 2 potions of attraction {unknown}
 n - 4 potions of curing {unknown}
 r - a potion of ambrosia {unknown}
 s - 5 potions of flight {unknown}
 t - 3 potions of brilliance {unknown}
 w - a potion of invisibility {unknown}
 x - 2 potions of cancellation {unknown}
 z - 3 potions of berserk rage {unknown}
 A - 3 potions of heal wounds {unknown}
 B - 2 potions of mutation {unknown}
 I - a potion of magic
Miscellaneous
 D - a lightning rod (4/4)


   Skills:
 + Level 10.2 Fighting
 + Level 13.2(13.3) Axes
 - Level 3.4(10.1) Maces & Flails
 + Level 9.9 Armour
 + Level 3.8 Dodging
 + Level 12.2 Shields


You had 12 spell levels left.
You didn't know any spells.
Your spell library was empty.

Dungeon Overview and Level Annotations

Branches:
Dungeon (13/15)            Temple (0/1) D:6            Lair (0/6) D:10
    Orc (2/2) D:9          Vaults (0/5) D:13
    Elf: Orc:2

Altars:
Ashenzari
Elyvilon
Makhleb
Nemelex Xobeh
Okawaru
Uskayaw
Yredelemnul
The Shining One
Beogh

Shops:
D:7 *


Innate Abilities, Weirdness & Mutations

You are resistant to torment.
Your stone body is resilient. (AC +9)
You are immune to poison.
You resist negative energy. (rN+)
You are resistant to electric shocks. (rElec)
You can survive without breathing.
You are immune to petrification.
You are immune to miasma.


Message History

An orc warrior comes into view. It is wielding a -2 scimitar.
The orc warrior shouts!
You hear a shout!
An orc comes into view. It is wielding a -1 short sword.
An orc wizard comes into view. It is wielding a +0 dagger. x2
An orc knight comes into view. It is wielding a +0 long sword.
An orc warrior comes into view. It is wielding a +0 halberd.
Found a roughly hewn altar of Beogh.
As you read the scroll of teleportation, it crumbles to dust.
You feel strangely unstable.
The orc knight shouts!
The orc warrior shouts!
You hear a shout!
The orc knight roars a battlecry!
The orc wizard goes into a battle-frenzy!
The orc warrior closely misses you.
The orc wizard looks braver for a moment.
The orc wizard gestures wildly while chanting.
The orc wizard blinks!
The orc warrior hits you but does no damage.
You block the orc wizard's attack.
The orc warrior hits you with a cursed -2 scimitar!
You die...

# .. # ... . ## ..o. ..
.# ....# ... .# ......
.... #####..
......#####..... .8..o..
.......§8....... .......
....o..o@o...... ....o.o
._....oo........ .......
...oo........... .8..o..
.....o..8.......
#####.........#####.....
$# ........ .o... .#
...4.#. .... ## ...4.##
.... # ###8...8#


You could see an orc knight, an orange demon (summoned), an ice devil
(summoned), 4 orc warriors, 3 orc wizards and 2 orcs.

Vanquished Creatures
  Josephine (D:11)
  Erolcha (Orc:1)
  2 vault guards (D:13)
  Erica (D:10)
  A centaur warrior (D:13)
  4 two-headed ogres
  An orc high priest (Orc:2)
  2 orc knights
  2 ugly things
  A cyclops (D:11)
  A centaur zombie (D:10)
  5 kobold demonologists
  A yaktaur (D:10)
  A komodo dragon (D:10)
  8 trolls
  A meliai zombie (D:10)
  4 slime creatures (D:12)
  A shadow (D:11)
  5 wraiths
  2 wyverns
  19 yaks
  8 vampire mosquitoes
  A basilisk (D:12)
  3 wargs (Orc:2)
  2 swamp worms (D:9)
  22 orc warriors
  7 sky beasts
  A hornet zombie (D:10)
  4 ice beasts
  A black bear (D:11)
  2 necrophages (D:11)
  5 phantoms
  8 ogres
  4 centaurs
  5 big kobolds
  7 bullfrogs
  A wyvern zombie (D:8)
  4 scorpions
  13 killer bees
  8 wights
  4 howler monkeys
  5 electric eels
  2 hounds
  A quasit (D:7)
  2 bullfrog zombies
  A jelly (D:10)
  4 centaur skeletons
  9 orc priests
  23 orc wizards
  A bullfrog skeleton (D:12)
  3 iguanas
  10 worker ants
  A hound zombie (D:7)
  A hound skeleton (D:10)
  A howler monkey zombie (D:7)
  7 gnolls
  2 howler monkey skeletons
  6 adders
  3 shadow imps
  2 white imps
  An ufetubus (D:5)
  2 oozes
  An adder skeleton (D:6)
  5 worms
  4 dart slugs (D:1)
  7 leopard geckos
  65 orcs
  9 bats
  10 giant cockroaches
  4 goblins
  5 hobgoblins
  14 jackals
  5 quokkas
  4 ball pythons
  4 frilled lizards
  31 kobolds
  A leopard gecko skeleton (D:7)
  A quokka skeleton (D:7)
  5 rats
436 creatures vanquished.

Vanquished Creatures (collateral kills)
  3 vault guards (D:12)
  An orc sorcerer (Orc:2)
4 creatures vanquished.

Vanquished Creatures (others)
  An orc (Orc:2)
  55 plants
56 creatures vanquished.

Grand Total: 496 creatures vanquished

Notes
Turn   | Place    | Note
-------+----------+-------------------------------------------
     0 | D:1      | dohliylev the Gargoyle Berserker began the quest for the
                  | Orb.
     0 | D:1      | Reached XP level 1. HP: 14/14 MP: 1/1
   196 | D:1      | Reached XP level 2. HP: 18/19 MP: 2/2
   603 | D:1      | Reached XP level 3. HP: 24/24 MP: 3/3
  1286 | D:2      | Reached ** piety under Trog
  1380 | D:2      | Reached skill level 1 in Axes
  1380 | D:2      | Reached XP level 4. HP: 29/29 MP: 4/4
  1518 | D:2      | Found an iron altar of Okawaru.
  1825 | D:2      | Found a hide-covered altar of Uskayaw.
  2216 | D:3      | Reached skill level 1 in Shields
  2216 | D:3      | Reached XP level 5. HP: 25/33 MP: 5/5
  2384 | D:3      | Reached skill level 2 in Axes
  2436 | D:3      | Reached *** piety under Trog
  2702 | D:3      | Reached XP level 6. HP: 39/39 MP: 6/6
  2960 | D:4      | Reached skill level 3 in Axes
  3368 | D:4      | Reached XP level 7. HP: 41/44 MP: 7/7
  3381 | D:4      | Reached skill level 4 in Axes
  3998 | D:5      | Entered Level 5 of the Dungeon
  4247 | D:5      | Reached skill level 5 in Fighting
  4247 | D:5      | Reached skill level 5 in Axes
  4247 | D:5      | Reached XP level 8. HP: 49/49 MP: 8/8
  4294 | D:5      | Found a sparkling altar of Nemelex Xobeh.
  4991 | D:5      | Found a glowing golden altar of the Shining One.
  5309 | D:6      | Found a staircase to the Ecumenical Temple.
  5357 | D:6      | Reached skill level 6 in Axes
  5517 | D:6      | Reached **** piety under Trog
  5518 | D:6      | Reached skill level 5 in Armour
  5610 | D:6      | Found a white marble altar of Elyvilon.
  6460 | D:7      | Reached XP level 9. HP: 54/54 MP: 9/9
  6595 | D:7      | Found Riqunn's Assorted Antiques.
  6786 | D:7      | Reached skill level 7 in Axes
  6858 | D:7      | Reached skill level 5 in Shields
  6879 | D:7      | Found a basalt altar of Yredelemnul.
  6899 | D:7      | Found a broken altar of Ashenzari.
  7111 | D:8      | Noticed a two-headed ogre
  7120 | D:8      | Killed a two-headed ogre
  7121 | D:8      | Reached skill level 8 in Axes
  7136 | D:8      | Noticed a kobold demonologist
  7152 | D:8      | Killed a kobold demonologist
  7153 | D:8      | Reached XP level 10. HP: 60/60 MP: 10/10
  7263 | D:8      | Noticed a two-headed ogre
  7275 | D:8      | Killed a two-headed ogre
  7276 | D:8      | Reached skill level 9 in Axes
  7373 | D:8      | Found a burning altar of Makhleb.
  7521 | D:8      | Noticed a two-headed ogre
  7531 | D:8      | Killed a two-headed ogre
  8156 | D:9      | Reached ***** piety under Trog
  8331 | D:9      | Found a staircase to the Orcish Mines.
  8936 | D:9      | Reached XP level 11. HP: 62/67 MP: 11/11
  9034 | D:10     | Entered Level 10 of the Dungeon
  9045 | D:10     | Reached skill level 10 in Axes
  9099 | D:10     | Noticed Erica
  9109 | D:10     | Killed Erica
  9324 | D:10     | Noticed a two-headed ogre
  9336 | D:10     | Killed a two-headed ogre
  9694 | D:10     | Found a staircase to the Lair.
  9801 | D:11     | Noticed a cyclops
  9807 | D:11     | Killed a cyclops
  9865 | D:11     | Noticed Josephine
  9876 | D:11     | Killed Josephine
  9877 | D:11     | Reached skill level 11 in Axes
 10376 | D:11     | Reached XP level 12. HP: 73/73 MP: 12/12
 10387 | D:11     | Reached skill level 10 in Shields
 11037 | D:12     | Reached skill level 12 in Axes
 11095 | D:12     | Identified the +6 mace "Hellblazer" {flame, *Corrode rPois
                  | rC+}
 11440 | D:12     | Got a faintly glowing hand axe
 11441 | D:12     | Identified the cursed +1 hand axe of the Hand {speed, rF+
                  | Int+2 Dex+4 SInv} (You found it on level 12 of the Dungeon)
 11726 | D:13     | Noticed a centaur warrior
 11743 | D:13     | Killed a centaur warrior
 11744 | D:13     | Reached XP level 13. HP: 58/80 MP: 13/13
 11855 | D:13     | Noticed a vault guard
 11855 | D:13     | Noticed a vault guard
 11855 | D:13     | Noticed a vault guard
 11856 | D:13     | Found a gate to the Vaults.
 11856 | D:13     | Noticed a vault guard
 11856 | D:13     | Noticed a vault guard
 11856 | D:13     | Noticed a vault guard
 11857 | D:13     | Noticed a vault guard
 11869 | D:13     | Noticed a vault guard
 11880 | D:13     | Killed a vault guard
 11887 | D:13     | Killed a vault guard
 11897 | D:12     | Killed a vault guard
 11899 | D:12     | Killed a vault guard
 11900 | D:12     | Killed a vault guard
 12242 | D:7      | Bought a runed plate armour for 780 gold pieces
 12322 | Orc:1    | Entered Level 1 of the Orcish Mines
 12453 | Orc:1    | Noticed Erolcha
 12462 | Orc:1    | Killed Erolcha
 12463 | Orc:1    | Reached skill level 10 in Fighting
 12543 | Orc:2    | Entered Level 2 of the Orcish Mines
 12567 | Orc:2    | Reached skill level 13 in Axes
 12937 | Orc:2    | Received a gift from Trog
 13067 | Orc:2    | Noticed an orc warlord
 13073 | Orc:2    | Found a roughly hewn altar of Beogh.
 13075 | Orc:2    | Mangled by an orc warrior

Illustrated notes

Levels and vault maps discovered:
D:1:      dpeg_arrival_leaves_temple_mockup, layout_basic, minmay_misc_feat_chi
D:2:      layout_loops_cross, okawaru_gym_becter,
          eat_drink_and_be_merry_uskayaw, guppyfry_early_lair_pool
D:3:      layout_basic, serial_bayou, serial_bayou_crossing,
          serial_bayou_lagoon_a, serial_bayou_lake_a, serial_bayou_pond_c
D:4:      layout_basic
D:5:      layout_gridville, lemuel_crystal_altar, basic_altar, abandoned_shop
D:6:      layout_loops_cross, lemuel_doored_altar, minmay_temple_entry_waves
D:7:      layout_loops_cross, minitemple, serial_shops, nicolae_shop_crystal,
          minmay_joined_circles
D:8:      layout_loops_ring, makhleb_heckhound_becter
D:9:      layout_roguey, orc_0_dummy, minmay_crystal_water, worms_lemuel
D:10:     layout_rooms, lair_entry_dummy, minmay_bent, uniq_erica
D:11:     layout_roguey, minmay_misc_feat_tiny, uniq_josephine
D:12:     layout_small_grid, disabler_island
D:13:     layout_roguey, erik_vaults_2, minmay_curled_crystal, grunt_decor_cap,
          kennysheep_generic_room_2
Orc:1:    layout_diamond_mine, uniq_erolcha
Orc:2:    grunt_orc_cross, layout_caves, basic_altar

Skill      XL: |  1  2  3  4  5  6  7  8  9 10 11 12 13 |
---------------+----------------------------------------+-----
Dodging        | 2 3 |  3.8
Fighting       | 4 5 6 7 8 9 10 | 10.2
Axes           | 1 2 3 5 6 8 9 11 12 13 | 13.2
Shields        | 1 2 3 4 6 7 9 11 12 | 12.2
Armour         | 3 4 5 6 7 8 9 |  9.9
Maces & Flails | |  3.4

Action                   |  1- 3 |  4- 6 |  7- 9 | 10-12 | 13-15 || total
-------------------------+-------+-------+-------+-------+-------++-------
Melee: Hand axe          |    96 |   236 |   303 |   756 |    20 ||  1411
       Mace              |     8 |       |       |       |       ||     8
       War axe           |       |       |       |       |   156 ||   156
Invok: Berserk           |     2 |     4 |     8 |    17 |     6 ||    37
       Trog's Hand       |       |     2 |     6 |     9 |     4 ||    21
       Brothers in Arms  |       |       |       |       |     2 ||     2
  Use: Scroll            |       |       |    12 |     6 |     3 ||    21
Armor: Animal skin       |    15 |       |       |       |       ||    15
       Ring mail         |    21 |       |       |       |       ||    21
       Scale mail        |    10 |    30 |       |       |       ||    40
       Chain mail        |       |   101 |    86 |       |       ||   187
       Plate armour      |       |       |    21 |   277 |    78 ||   376
Dodge: Dodged            |    68 |    96 |    73 |   101 |    40 ||   378
Block: Other             |    11 |    14 |       |       |       ||    25
       Buckler           |       |    65 |    64 |       |       ||   129
       Reflection        |       |     3 |     2 |    13 |     7 ||    25
       Kite shield       |       |       |    60 |   488 |   162 ||   710
